 Dungeon Crawl Stone Soup version 0.23.2-30-g0e89c35649 (webtiles) character file.

Game seed: 18286930930349473811

13 Ceapi the Digger (level 2, 0/15 HPs)
             Began as a Gargoyle Earth Elementalist on June 7, 2019.
             Slain by an adder (2 damage)
             ... on level 2 of the Dungeon.
             The game lasted 00:08:14 (1649 turns).

Ceapi the Digger (Gargoyle Earth Elementalist)      Turns: 1649, Time: 00:08:15

Health: 0/15       AC:  4    Str: 11    XL:     2   Next: 37%
Magic:  5/5        EV: 12    Int: 15    God:
Gold:   27         SH:  0    Dex: 10    Spells: 3/6 levels left

rFire    . . .     SeeInvis .   e - +0 club
rCold    . . .     Gourm    .   (no shield)
rNeg     + . .     Faith    .   c - +0 robe
rPois    ∞         Spirit   .   (no helmet)
rElec    +         Reflect  .   (no cloak)
rCorr    .         Harm     +   (no gloves)
MR       .....                  (no boots)
Stlth    ++........             i - amulet of harm
HPRegen  0.05/turn              (no ring)
MPRegen  0.09/turn              (no ring)

@: no status effects
A: negative energy resistance 1, electricity resistance, unbreathing,
petrification resistance, rot immunity, AC +2
a: no special abilities


You were on level 2 of the Dungeon.
You were very hungry.

You visited 1 branch of the dungeon, and saw 2 of its levels.

You collected 27 gold pieces.

Inventory:

Hand Weapons
 e - a +0 club (weapon)
Missiles
 b - 51 stones (quivered)
Armour
 c - a +0 robe (worn)
Jewellery
 i - an amulet of harm (around neck)
Scrolls
 f - a scroll of amnesia {unknown}
 g - a scroll of enchant armour {unknown}
 j - a scroll of random uselessness {unknown}
 l - a scroll of identify {unknown}
 m - a scroll of fog {unknown}
Potions
 a - a potion of haste {unknown}
 h - a potion of brilliance {unknown}
 k - a potion of curing {unknown}
 n - a potion of agility {unknown}
Comestibles
 d - a ration


   Skills:
 - Level 1.6 Dodging
 - Level 2.1 Stealth
 - Level 2.5 Spellcasting
 - Level 0.7 Transmutations
 + Level 3.9 Earth Magic


You had 3 spell levels left.
You knew the following spells:

 Your Spells              Type           Power        Failure   Level  Hunger
a - Sandblast             Erth           ##....       4%          1    #......
b - Passwall              Tmut/Erth      #.......     12%         2    ###....

Your spell library contained the following spells:

 Spells                   Type           Power        Failure   Level  Hunger
 Stone Arrow              Conj/Erth      #.....       28%         3    ###....
 Petrify                  Tmut/Erth      #.......     63%         4    #####..
 Lee's Rapid Deconstruct  Erth           ##........   75%         5    ######.


Dungeon Overview and Level Annotations

Branches:
Dungeon (2/15)

Altars:


Innate Abilities, Weirdness & Mutations

You are resistant to torment.
Your stone body is resilient. (AC +2)
You are immune to poison.
You resist negative energy. (rN+)
You are resistant to electric shocks. (rElec)
You can survive without breathing.
You are immune to petrification.
You are immune to rotting.


Message History

The adder completely misses you.
You closely miss the adder. The adder bites you.
* * * LOW HITPOINT WARNING * * *
The dart slug bites you but does no damage.
You barely miss the adder. The adder closely misses you.
The dart slug misses you. The adder barely misses you.
You hit the adder.
The adder is moderately wounded.
The adder misses you.
The dart slug bites you but does no damage.
The adder bites you.
* * * LOW HITPOINT WARNING * * *
You barely miss the adder.
The adder is moderately wounded.
The adder barely misses you.
The dart slug bites you but does no damage.
You hit the adder.
The adder is severely wounded.
The adder bites you.
You die...

######
#####....##
...[.....##
#.......$###
#...........
#........#
#S@w..#
#.....#
.....#...#
...)[....#.#
##.#####.##
# #. .# . ?#
# ##


You could see an adder and a dart slug.

Vanquished Creatures
  3 bats (D:1)
  A goblin (D:1)
  2 hobgoblins (D:1)
  4 kobolds (D:1)
  4 rats (D:1)
14 creatures vanquished.

Notes
Turn   | Place    | Note
-------+----------+-------------------------------------------
     0 | D:1      | Ceapi the Gargoyle Earth Elementalist began the quest for
                  | the Orb.
     0 | D:1      | Reached XP level 1. HP: 10/10 MP: 3/3
   679 | D:1      | Reached XP level 2. HP: 15/15 MP: 3/5
  1378 | D:1      | Learned a level 2 spell: Passwall
  1649 | D:2      | Slain by an adder

Action                   || total
-------------------------++-------
Melee: Club              ||    47
       Unarmed           ||    14
Throw: Stone             ||    58
  Eat: Chunk             ||     1
Armor: Robe              ||    29
Dodge: Dodged            ||    64
